| TOP OF THE 1ST |
|
El Paso Chihuahuas batting - Pitching for Dallas-Fort Worth Rangers : RHP Billy Hawley
|
|
Pitching: RHP Billy Hawley
|
|
|
Batting: LHB Andy Van Slyke
|
0-0: Called Strike 0-1: Ball 1-1: SINGLE (Line Drive, 6MD, EV 98.1 MPH)
|
|
Batting: RHB Steven Murray
|
0-0: Foul Ball, location: 2F 0-1: Ball 1-1: Ball 2-1: Ball 3-1: Foul Ball, location: 2F 3-2: Strikes out swinging
|
|
Batting: RHB Jesse Vann
|
0-0: Called Strike 0-1: Swinging Strike 0-2: Ball 1-2: Reached on error, E6 (Groundball, 6, EV 82.5 MPH) Andy Van Slyke to second
|
|
Batting: LHB Matthew Vejar
|
0-0: Fielders Choice at 2nd, 6-4 (Groundball, 6, EV 81.3 MPH) Andy Van Slyke to third
|
|
Batting: LHB Dan Murphy
|
0-0: Called Strike 0-1: Ball 1-1: Ball 2-1: SINGLE (Line Drive, 3L, EV 102.5 MPH) Andy Van Slyke scores Matthew Vejar to second Runner from 2nd tries for 3rd, SAFE, no throw by RF
|
|
Batting: RHB Leo George
|
0-0: Called Strike 0-1: Ball 1-1: Ball 2-1: Called Strike 2-2: Fly out, F7 (Flyball, 78M, EV 88.1 MPH)
|
| Top of the 1st over - 1 run, 2 hits, 1 error, 2 left on base; El Paso 1 - Dallas-Fort Worth 0 |
| BOTTOM OF THE 1ST |
|
Dallas-Fort Worth Rangers batting - Pitching for El Paso Chihuahuas : RHP Dale Brown
|
|
Pitching: RHP Dale Brown
|
|
|
Batting: RHB Phil Bradley
|
0-0: Called Strike 0-1: Ball 1-1: Ball 2-1: Swinging Strike 2-2: Ball 3-2: Ground out 6-3 (Groundball, 6, EV 84.4 MPH)
|
|
Batting: LHB Stan Levi
|
0-0: Foul Ball, location: 2F 0-1: Ball 1-1: Foul Ball, location: 2F 1-2: Ball 2-2: Ball 3-2: Fly out, F4 (Popup, 4, EV 76.3 MPH)
|
|
Batting: RHB Terry Lee
|
0-0: Called Strike 0-1: Foul Ball, location: 2F 0-2: Strikes out swinging
|
| Bottom of the 1st over - 0 runs, 0 hits, 0 errors, 0 left on base; El Paso 1 - Dallas-Fort Worth 0 |
| TOP OF THE 2ND |
|
El Paso Chihuahuas batting - Pitching for Dallas-Fort Worth Rangers : RHP Billy Hawley
|
|
Batting: RHB Stine Poole
|
0-0: Ball 1-0: Ball 2-0: Ground out 4-3 (Groundball, 4, EV 95.0 MPH)
|
|
Batting: RHB William Parmenter
|
0-0: Swinging Strike 0-1: Ball 1-1: Foul Ball, location: 2F 1-2: Ground out U3 (Groundball, 3S, EV 81.9 MPH)
|
|
Batting: RHB Cliff Wherry
|
0-0: Foul Ball, location: 2F 0-1: Called Strike 0-2: Ball 1-2: SINGLE (Groundball, 4M, EV 98.8 MPH) (infield hit)
|
|
Batting: LHB Andy Van Slyke
|
0-0: Ball Cliff Wherry steals 2nd base (no throw) 1-0: Foul Ball, location: 2F 1-1: Ball 2-1: Fly out, F7 (Flyball, 7, EV 92.5 MPH)
|
| Top of the 2nd over - 0 runs, 1 hit, 0 errors, 1 left on base; El Paso 1 - Dallas-Fort Worth 0 |
| BOTTOM OF THE 2ND |
|
Dallas-Fort Worth Rangers batting - Pitching for El Paso Chihuahuas : RHP Dale Brown
|
|
Batting: LHB Sid Bream
|
0-0: Ball 1-0: Ball 2-0: Foul Ball, location: 2F 2-1: Ball 3-1: Base on Balls
|
|
Batting: RHB Dave Aponte
|
0-0: Ball 1-0: Ball 2-0: Foul Ball, location: 2F 2-1: Foul Ball, location: 2F 2-2: Ball 3-2: Strikes out swinging
|
|
Batting: LHB Garcia Gutierrez
|
0-0: SINGLE (Flyball, 4MD, EV 91.9 MPH) Sid Bream to second Sid Bream to third
|
|
Batting: RHB Jesse Plummer
|
0-0: Ball 1-0: Ball 2-0: Called Strike 2-1: Ball 3-1: Base on Balls Garcia Gutierrez to second
|
|
Batting: LHB Daryl Fazzio
|
0-0: Called Strike 0-1: Foul Ball, location: 2F 0-2: Ball 1-2: Fly out, F3 (Popup, 3F, EV 78.1 MPH)
|
|
Batting: RHB Alex Zermeno
|
0-0: Ball 1-0: Foul Ball, location: 2F 1-1: Foul Ball, location: 2F 1-2: Ball 2-2: Fly out, F9 (Flyball, 9, EV 80.6 MPH)
|
| Bottom of the 2nd over - 0 runs, 1 hit, 0 errors, 3 left on base; El Paso 1 - Dallas-Fort Worth 0 |
| TOP OF THE 3RD |
|
El Paso Chihuahuas batting - Pitching for Dallas-Fort Worth Rangers : RHP Billy Hawley
|
|
Batting: RHB Steven Murray
|
0-0: Called Strike 0-1: Foul Ball, location: 2F 0-2: Ball 1-2: Fly out, F3 (Popup, 3SF, EV 70.6 MPH)
|
|
Batting: RHB Jesse Vann
|
0-0: Called Strike 0-1: Ball 1-1: Foul Ball, location: 2F 1-2: Strikes out swinging
|
|
Batting: LHB Matthew Vejar
|
0-0: Ball 1-0: Ball 2-0: Called Strike 2-1: Fly out, F7 (Flyball, 7, EV 87.5 MPH)
|
| Top of the 3rd over - 0 runs, 0 hits, 0 errors, 0 left on base; El Paso 1 - Dallas-Fort Worth 0 |
| BOTTOM OF THE 3RD |
|
Dallas-Fort Worth Rangers batting - Pitching for El Paso Chihuahuas : RHP Dale Brown
|
|
Batting: RHB Phil Bradley
|
0-0: Ball 1-0: Foul Ball, location: 2F 1-1: Foul Ball, location: 2F 1-2: Foul Ball, location: 2F 1-2: Ball 2-2: Fly out, F9 (Flyball, 89M, EV 90.0 MPH)
|
|
Batting: LHB Stan Levi
|
0-0: Called Strike 0-1: Ball 1-1: Fly out, F7 (Flyball, 7, EV 85.6 MPH)
|
|
Batting: RHB Terry Lee
|
0-0: Ball 1-0: Called Strike 1-1: Called Strike 1-2: Ball 2-2: Foul Ball, location: 2F 2-2: Fly out, F7 (Flyball, 7LD, EV 96.3 MPH)
|
| Bottom of the 3rd over - 0 runs, 0 hits, 0 errors, 0 left on base; El Paso 1 - Dallas-Fort Worth 0 |
| TOP OF THE 4TH |
|
El Paso Chihuahuas batting - Pitching for Dallas-Fort Worth Rangers : RHP Billy Hawley
|
|
Batting: LHB Dan Murphy
|
0-0: Ball 1-0: Ground out 3-1 (Groundball, 34, EV 106.3 MPH)
|
|
Batting: RHB Leo George
|
0-0: Ball 1-0: Called Strike 1-1: Ball 2-1: DOUBLE (Flyball, 89D, EV 111.3 MPH)
|
|
Batting: RHB Stine Poole
|
0-0: Ball 1-0: Ball 2-0: Ball 3-0: Fly out, F9 (Flyball, 89S, EV 76.9 MPH)
|
|
Batting: RHB William Parmenter
|
0-0: Called Strike 0-1: Ball Wild Pitch! Leo George to third 1-1: Swinging Strike 1-2: Foul Ball, location: 2F 1-2: Ball 2-2: Foul Ball, location: 2F 2-2: Ball 3-2: Reached via error on a dropped throw from 1B, E1 (Groundball, 23, EV 91.3 MPH) Leo George scores
|
|
Batting: RHB Cliff Wherry
|
0-0: Foul Ball, location: 2F 0-1: Ball 1-1: SINGLE (Line Drive, 6D, EV 98.1 MPH) William Parmenter to second Runner from 2nd tries for 3rd, SAFE, no throw by CF
|
|
Batting: LHB Andy Van Slyke
|
0-0: Foul Ball, location: 2F 0-1: Ball 1-1: Ball 2-1: Foul Ball, location: 2F 2-2: Ball 3-2: SINGLE (Line Drive, 8RS, EV 87.5 MPH) William Parmenter scores Cliff Wherry to second Cliff Wherry to third
|
|
Batting: RHB Steven Murray
|
0-0: Called Strike 0-1: Ball 1-1: Foul Ball, location: 2F 1-2: Ball 2-2: Strikes out looking
|
| Top of the 4th over - 2 runs, 3 hits, 1 error, 2 left on base; El Paso 3 - Dallas-Fort Worth 0 |
| BOTTOM OF THE 4TH |
|
Dallas-Fort Worth Rangers batting - Pitching for El Paso Chihuahuas : RHP Dale Brown
|
|
Batting: LHB Sid Bream
|
0-0: Foul Ball, location: 2F 0-1: Swinging Strike 0-2: Ball 1-2: Ball 2-2: Ground out 4-3 (Groundball, 4M, EV 88.1 MPH)
|
|
Batting: RHB Dave Aponte
|
0-0: Ball 1-0: Foul Ball, location: 2F 1-1: Ball 2-1: Fly out, F9 (Line Drive, 9, EV 111.3 MPH)
|
|
Batting: LHB Garcia Gutierrez
|
0-0: Swinging Strike 0-1: Called Strike 0-2: Foul Ball, location: 2F 0-2: Ball 1-2: Fly out, F8 (Flyball, 8LS, EV 81.9 MPH)
|
| Bottom of the 4th over - 0 runs, 0 hits, 0 errors, 0 left on base; El Paso 3 - Dallas-Fort Worth 0 |
| TOP OF THE 5TH |
|
El Paso Chihuahuas batting - Pitching for Dallas-Fort Worth Rangers : RHP Billy Hawley
|
|
Batting: RHB Jesse Vann
|
0-0: Ball 1-0: Ball 2-0: Called Strike 2-1: Ground out 6-3 (Groundball, 6D, EV 96.3 MPH)
|
|
Batting: LHB Matthew Vejar
|
0-0: Called Strike 0-1: Ball 1-1: Ground out 5-3 (Groundball, 5, EV 108.1 MPH)
|
|
Batting: LHB Dan Murphy
|
0-0: Ball 1-0: Ball 2-0: Ball 3-0: Called Strike 3-1: Base on Balls
|
|
Batting: RHB Leo George
|
0-0: Ball 1-0: Called Strike 1-1: Ball 2-1: Called Strike 2-2: Foul Ball, location: 2F 2-2: Ball 3-2: Base on Balls Dan Murphy to second
|
|
Batting: RHB Stine Poole
|
0-0: Foul Ball, location: 2F 0-1: Foul Ball, location: 2F 0-2: Ball 1-2: Strikes out looking
|
| Top of the 5th over - 0 runs, 0 hits, 0 errors, 2 left on base; El Paso 3 - Dallas-Fort Worth 0 |
| BOTTOM OF THE 5TH |
|
Dallas-Fort Worth Rangers batting - Pitching for El Paso Chihuahuas : RHP Dale Brown
|
|
Batting: RHB Jesse Plummer
|
0-0: Called Strike 0-1: Swinging Strike 0-2: Ball 1-2: Ball 2-2: Fly out, F6 (Popup, 6M, EV 78.8 MPH)
|
|
Batting: LHB Daryl Fazzio
|
0-0: Ball 1-0: Called Strike 1-1: Ball 2-1: Ball 3-1: Foul Ball, location: 2F 3-2: Base on Balls
|
|
Batting: RHB Alex Zermeno
|
0-0: Swinging Strike 0-1: Swinging Strike Daryl Fazzio steals 2nd base 0-2: Ground out 5-3 (Groundball, 56S, EV 87.5 MPH)
|
|
Batting: RHB Phil Bradley
|
0-0: Called Strike 0-1: Called Strike 0-2: Ball 1-2: Foul Ball, location: 2F 1-2: Ball 2-2: Strikes out swinging
|
| Bottom of the 5th over - 0 runs, 0 hits, 0 errors, 1 left on base; El Paso 3 - Dallas-Fort Worth 0 |
| TOP OF THE 6TH |
|
El Paso Chihuahuas batting - Pitching for Dallas-Fort Worth Rangers : RHP Billy Hawley
|
|
Batting: RHB William Parmenter
|
0-0: Ball 1-0: Ball 2-0: Fly out, F6 (Flyball, 56D, EV 90.0 MPH)
|
|
Batting: RHB Cliff Wherry
|
0-0: Ball 1-0: Foul Ball, location: 2F 1-1: Swinging Strike 1-2: Ball 2-2: SINGLE (Groundball, 56D, EV 102.5 MPH)
|
|
Batting: LHB Andy Van Slyke
|
0-0: Ball 1-0: Foul Ball, location: 2F 1-1: Called Strike 1-2: Ball 2-2: Foul Ball, location: 2F 2-2: Strikes out swinging
|
|
Batting: RHB Steven Murray
|
0-0: Ball 1-0: Swinging Strike 1-1: Swinging Strike 1-2: Strikes out swinging
|
| Top of the 6th over - 0 runs, 1 hit, 0 errors, 1 left on base; El Paso 3 - Dallas-Fort Worth 0 |
| BOTTOM OF THE 6TH |
|
Dallas-Fort Worth Rangers batting - Pitching for El Paso Chihuahuas : RHP Dale Brown
|
|
Batting: LHB Stan Levi
|
0-0: Fly out, F9 (Line Drive, 9, EV 110.6 MPH)
|
|
Batting: RHB Terry Lee
|
0-0: Foul Ball, location: 2F 0-1: Ball 1-1: Ball 2-1: Swinging Strike 2-2: Foul Ball, location: 2F 2-2: Strikes out swinging
|
|
Batting: LHB Sid Bream
|
0-0: Fly out, F8 (Flyball, 78S, EV 83.1 MPH)
|
| Bottom of the 6th over - 0 runs, 0 hits, 0 errors, 0 left on base; El Paso 3 - Dallas-Fort Worth 0 |
| TOP OF THE 7TH |
|
El Paso Chihuahuas batting - Pitching for Dallas-Fort Worth Rangers : RHP Billy Hawley
|
|
Batting: RHB Jesse Vann
|
0-0: Ball 1-0: Ball 2-0: Called Strike 2-1: Foul Ball, location: 2F 2-2: Foul Ball, location: 2F 2-2: Foul Ball, location: 2F 2-2: Foul Ball, location: 2F 2-2: Ball 3-2: SINGLE (Line Drive, 78M, EV 98.1 MPH)
|
|
Pitching: RHP Randy McGilberry
|
|
|
Batting: LHB Matthew Vejar
|
0-0: Ball 1-0: Ball 2-0: Called Strike 2-1: SINGLE (Line Drive, 4MD, EV 108.8 MPH) Jesse Vann to second
|
|
Batting: LHB Dan Murphy
|
0-0: SINGLE (Line Drive, 9S, EV 87.5 MPH) Jesse Vann to third Matthew Vejar to second
|
|
Batting: RHB Leo George
|
0-0: Called Strike 0-1: Fly out, F8 (Flyball, 8RD, EV 98.1 MPH) Runner from 3rd tags up, SCORES, throw by CF
|
|
Batting: RHB Stine Poole
|
0-0: Foul Ball, location: 2F 0-1: Called Strike 0-2: Foul Ball, location: 2F 0-2: Fly out, F2 (Popup, 23F, EV 86.9 MPH)
|
|
Batting: RHB William Parmenter
|
0-0: Called Strike 0-1: Ball 1-1: Called Strike 1-2: Fielders Choice at 2nd, 5-4 (Groundball, 5, EV 83.1 MPH)
|
| Top of the 7th over - 1 run, 3 hits, 0 errors, 2 left on base; El Paso 4 - Dallas-Fort Worth 0 |
| BOTTOM OF THE 7TH |
|
Dallas-Fort Worth Rangers batting - Pitching for El Paso Chihuahuas : RHP Dale Brown
|
|
Batting: RHB Dave Aponte
|
0-0: Ball 1-0: Called Strike 1-1: Ball 2-1: Ball 3-1: Foul Ball, location: 2F 3-2: SINGLE (Popup, 3D, EV 58.8 MPH)
|
|
Pitching: LHP Gary Grunsky
|
|
|
Batting: LHB Garcia Gutierrez
|
0-0: Ground out 6-3 (Groundball, 56, EV 87.5 MPH) Dave Aponte to second
|
|
Batting: RHB Jesse Plummer
|
0-0: Foul Ball, location: 2F 0-1: Fly out, F6 (Flyball, 56D, EV 82.5 MPH)
|
|
Batting: LHB Daryl Fazzio
|
0-0: Foul Ball, location: 2F 0-1: Called Strike 0-2: Ball 1-2: Foul Ball, location: 2F 1-2: Ball 2-2: Ball 3-2: DOUBLE (Flyball, 8RD, EV 98.8 MPH) Dave Aponte scores
|
|
Batting: RHB Alex Zermeno
|
0-0: Ground out 5-3 (Groundball, 56S, EV 81.3 MPH)
|
| Bottom of the 7th over - 1 run, 2 hits, 0 errors, 1 left on base; El Paso 4 - Dallas-Fort Worth 1 |
| TOP OF THE 8TH |
|
El Paso Chihuahuas batting - Pitching for Dallas-Fort Worth Rangers : RHP Randy McGilberry
|
|
Batting: RHB Cliff Wherry
|
0-0: Ball 1-0: Swinging Strike 1-1: Called Strike 1-2: Foul Ball, location: 2F 1-2: Ball 2-2: Ball 3-2: Foul Ball, location: 2F 3-2: Fly out, F4 (Flyball, 34D, EV 94.4 MPH)
|
|
Batting: LHB Andy Van Slyke
|
0-0: Ball 1-0: Ball 2-0: Foul Ball, location: 2F 2-1: SINGLE (Line Drive, 9S, EV 86.9 MPH)
|
|
Batting: RHB Steven Murray
|
0-0: Ball 1-0: Called Strike 1-1: Ball 2-1: Called Strike 2-2: Foul Ball, location: 2F 2-2: Fly out, F9 (Flyball, 9, EV 92.5 MPH)
|
|
Pitching: RHP Tom McGough
|
|
|
Batting: RHB Jesse Vann
|
0-0: Ball 1-0: Foul Ball, location: 2F 1-1: Ball 2-1: Called Strike 2-2: Strikes out swinging
|
| Top of the 8th over - 0 runs, 1 hit, 0 errors, 1 left on base; El Paso 4 - Dallas-Fort Worth 1 |
| BOTTOM OF THE 8TH |
|
Dallas-Fort Worth Rangers batting - Pitching for El Paso Chihuahuas : LHP Gary Grunsky
|
|
Batting: RHB Phil Bradley
|
0-0: Ball 1-0: Ball 2-0: Fly out, F9 (Flyball, 9LM, EV 81.3 MPH)
|
|
Batting: LHB Stan Levi
|
0-0: Ball 1-0: Foul Ball, location: 2F 1-1: Ball 2-1: Swinging Strike 2-2: SINGLE (Line Drive, 4D, EV 103.8 MPH)
|
|
Batting: RHB Terry Lee
|
0-0: Ball 1-0: Ball 2-0: Foul Ball, location: 2F 2-1: Ball 3-1: Fly out, F9 (Flyball, 9S, EV 91.9 MPH)
|
|
Batting: LHB Sid Bream
|
0-0: Ball 1-0: 2-RUN HOME RUN (Flyball, 9LD, EV 86.9 MPH), Distance : 343 ft
|
|
Batting: RHB Dave Aponte
|
0-0: Ball 1-0: Ball 2-0: DOUBLE (Flyball, 8RXD, EV 105.0 MPH)
|
|
Pinch Hitting: RHB Eric Hyatt
|
0-0: Called Strike 0-1: Foul Ball, location: 2F 0-2: Ball 1-2: Foul Ball, location: 2F 1-2: Ground out 5-3 (Groundball, 56S, EV 89.4 MPH)
|
| Bottom of the 8th over - 2 runs, 3 hits, 0 errors, 1 left on base; El Paso 4 - Dallas-Fort Worth 3 |
| TOP OF THE 9TH |
|
El Paso Chihuahuas batting - Pitching for Dallas-Fort Worth Rangers : RHP Tom McGough
|
|
Pitching: RHP Luis Cardenas
|
|
|
Now at 2B: Eric Hyatt
|
|
|
Batting: LHB Matthew Vejar
|
0-0: Ball 1-0: Ball 2-0: Ground out 4-3 (Groundball, 4, EV 103.8 MPH)
|
|
Batting: LHB Dan Murphy
|
0-0: Ball 1-0: Called Strike 1-1: Called Strike 1-2: Foul Ball, location: 2F 1-2: Ball 2-2: SINGLE (Line Drive, 78M, EV 107.5 MPH)
|
|
Batting: RHB Leo George
|
0-0: Called Strike 0-1: Ball 1-1: Called Strike Dan Murphy is caught stealing 2nd base 2-4 1-2: Ground out U3 (Groundball, 34D, EV 89.4 MPH)
|
| Top of the 9th over - 0 runs, 1 hit, 0 errors, 0 left on base; El Paso 4 - Dallas-Fort Worth 3 |
| BOTTOM OF THE 9TH |
|
Dallas-Fort Worth Rangers batting - Pitching for El Paso Chihuahuas : LHP Gary Grunsky
|
|
Batting: RHB Jesse Plummer
|
0-0: Ball 1-0: Ball 2-0: Ball 3-0: Called Strike 3-1: Base on Balls
|
|
Pinch Hitting: RHB Steve Nicosia
|
0-0: Reached on error, E2 (Groundball, 2R, EV 63.8 MPH) Jesse Plummer to second
|
|
Batting: RHB Alex Zermeno
|
0-0: Sac Bunt to P - play at first, batter OUT! 1-4 Jesse Plummer to third Steve Nicosia to second
|
|
Batting: RHB Phil Bradley
|
0-0: Intentional Walk
|
|
Batting: LHB Stan Levi
|
0-0: Swinging Strike 0-1: Ball 1-1: Foul Ball, location: 2F 1-2: Ball 2-2: Foul Ball, location: 2F 2-2: Foul Ball, location: 2F 2-2: Ball 3-2: SINGLE (Groundball, 4MD, EV 98.8 MPH) Jesse Plummer scores Steve Nicosia to third Phil Bradley to second Runner from 3rd tries for Home, SAFE, throw by CF to home
|
| Bottom of the 9th over - 2 runs, 1 hit, 1 error, 0 left on base; El Paso 4 - Dallas-Fort Worth 5 |
| GAME OVER ... DALLAS |
|
Fort Worth defeats El Paso, 5 to 4
|
|
|